 Dungeon Crawl Stone Soup version 0.18.1-48-g4cf74bf (webtiles) character file.

84 PsychoReaper the Vexing (level 4, 0/31 HPs)
             Began as a Vampire Enchanter on Aug 9, 2016.
             Succumbed to an adder's poison
             ... on level 2 of the Dungeon.
             The game lasted 00:28:52 (3144 turns).

PsychoReaper the Vexing (Vampire Enchanter)         Turns: 3144, Time: 00:28:53

Health: 0/31       AC:  0    Str:  5 (7)  XL:     4   Next: 24%
Magic:  1/7        EV: 17    Int: 14 (17) God:
Gold:   121        SH:  0    Dex: 20      Spells: 2 memorised, 3 levels left

rFire  . . .     SeeInvis +     (weapon currently unavailable)
rCold  . . .     Gourm    .     (armour currently unavailable)
rNeg   + . .     Faith    .     (shield currently unavailable)
rPois  .         Spirit   +     (helmet currently unavailable)
rElec  .         Dismiss  .     (cloak currently unavailable)
rCorr  .         Reflect  .     (gloves currently unavailable)
SustAt .         Harm     .     (boots currently unavailable)
MR     .....                    o - amulet of guardian spirit
Stlth  ++++......               (ring currently unavailable)
                                (ring currently unavailable)

@: lethally poisoned (0 -> -4), bat-form, flying, very quick, not resistant to
hostile enchantments, stealthy
A: fangs 3, see invisible, (unbreathing)
a: End Transformation


You were on level 2 of the Dungeon.
You were not thirsty.
You were in vampire-bat-form.
You visited 1 branch of the dungeon, and saw 2 of its levels.

You collected 121 gold pieces.

Inventory:

Hand Weapons
 a - a +1 dagger
 j - a +2 dagger of protection
 k - a +0 short sword of speed (melded)
 m - a +2 scythe of slicing
Armour
 b - a +2 robe
 e - a +0 ring mail
 h - a +0 pair of boots (melded)
 i - a +0 leather armour
Jewellery
 o - an amulet of guardian spirit (around neck)
 r - an uncursed ring of resist corrosion {unknown}
Wands
 l - a wand of polymorph (20/24)
Scrolls
 f - 2 scrolls of random uselessness
 g - a scroll of remove curse {unknown}
 p - 2 scrolls of identify
Potions
 d - 15 potions of blood
 n - a potion of flight {unknown}
 q - a potion of might {unknown}
Books
 c - a book of Maledictions

   Spells                             Type                      Level
   a - Corona                         Hexes                        1
   b - Ensorcelled Hibernation        Hexes/Ice                    2
   c - Confuse                        Hexes                        3
   d - Tukima's Dance                 Hexes                        3
   e - Dazzling Spray                 Conjuration/Hexes            3


   Skills:
 + Level 0.6 Fighting
 + Level 1.7 Short Blades
 + Level 0.4 Armour
 + Level 3.4 Dodging
 + Level 4.6 Stealth
 + Level 2.4 Spellcasting
 + Level 5.0 Hexes


You had 3 spell levels left.
You knew the following spells:

 Your Spells              Type           Power        Failure   Level  Hunger
a - Corona                Hex            ###....      2%          1    #......
b - Tukima's Dance        Hex            ###.....     10%         3    ###....


Dungeon Overview and Level Annotations

Branches:
Dungeon (2/15)

Altars:

Annotations:
D:1 Sigmund


Innate Abilities, Weirdness & Mutations

You have razor-sharp teeth.
You have supernaturally acute eyesight.
((You can survive without breathing.))


Message History

The adder stops glowing.
The adder bites you.
You are lethally poisoned!
The adder poisons you!
* * * LOW HITPOINT WARNING * * *
You feel sick.
* * * LOW HITPOINT WARNING * * *
You feel sick. The adder misses you.
You turn into a vampire bat.
Your +0 short sword of speed melds into your body.
Your +0 pair of boots melds into your body.
* * * LOW HITPOINT WARNING * * *
You feel sick. The adder completely misses you.
You found a teleport trap!
Really fly into that teleport trap?
You enter a teleport trap!
The teleport trap disappears.
Your surroundings flicker for a moment.
* * * LOW HITPOINT WARNING * * *
You feel sick.
There is a stone staircase leading up here.
You die...

# # # # # # #
##################
.......>......S.b#
...###############
...# ...# ...#
#.## #.# #.# #.#


You could see an adder.

Vanquished Creatures
  3 adders (D:2)
  An ooze (D:2)
  A worm (D:2)
  2 giant cockroaches (D:1)
  7 goblins
  9 hobgoblins
  4 jackals (D:1)
  3 ball pythons
  5 bats (D:1)
  3 giant newts
  3 kobolds (D:1)
  8 rats
49 creatures vanquished.

Vanquished Creatures (collateral kills)
  A hobgoblin (D:2)
1 creature vanquished.

Vanquished Creatures (others)
  A dancing weapon (D:2)
  A hobgoblin (D:2)
2 creatures vanquished.

Grand Total: 52 creatures vanquished

Notes
Turn   | Place    | Note
--------------------------------------------------------------
     0 | D:1      | PsychoReaper the Vampire Enchanter began the quest for the Orb.
     0 | D:1      | Reached XP level 1. HP: 13/13 MP: 3/3
   484 | D:1      | Reached XP level 2. HP: 19/19 MP: 1/5
  1078 | D:1      | Reached XP level 3. HP: 25/25 MP: 4/6
  1087 | D:1      | Learned a level 3 spell: Tukima's Dance
  1798 | D:2      | Reached XP level 4. HP: 26/31 MP: 7/7
  2544 | D:2      | Noticed Sigmund
  2811 | D:2      | Reached skill level 5 in Hexes
  3141 | D:2      | HP: 1/31 [poisoned by an adder]
  3144 | D:2      | Succumbed to an adder's poison

Skill      XL: |  1  2  3  4 |
---------------+-------------+-----
Dodging        | 3 |  3.4
Hexes          | 5 |  5.0
Fighting       | |  0.6
Short Blades   | |  1.7
Armour         | |  0.4
Stealth        | |  4.6
Spellcasting   | |  2.4

Action                   |  1- 3 |  4- 6 || total
-------------------------+-------+-------++-------
Melee: Dagger            |   202 |    26 ||   228
       Bite              |    11 |     3 ||    14
       Short sword       |       |    22 ||    22
 Cast: Corona            |    20 |    11 ||    31
       Tukima's Dance    |     2 |     6 ||     8
 Abil: Bat Form          |     1 |     3 ||     4
       End Transformatio |     1 |     2 ||     3
  Use: Potion            |     4 |     3 ||     7
       Scroll            |     4 |     1 ||     5
 Stab: Sleeping          |     1 |       ||     1
  Eat: Corpse            |     3 |       ||     3
Armor: Ring mail         |   108 |       ||   108
       Leather armour    |    10 |       ||    10
       Skin              |       |     6 ||     6
Dodge: Dodged            |   112 |    33 ||   145
